[Event "*** SCC Grand Prix: Titled Tuesday Blitz"]
[Site "Chess.com"]
[Date "2020.08.04"]
[Round "3"]
[White "Vladislav_Chizhikov"]
[Black "Sam_ChessMood"]
[Result "0-1"]
[WhiteElo "2461"]
[BlackElo "2801"]
[TimeControl "180+1"]
[EndTime "14:13:17 PDT"]
[Termination "Sam_ChessMood won by checkmate"]

1. e4 Nf6 2. e5 Nd5 3. Nc3 Nxc3 4. dxc3 d5 5. exd6 cxd6 6. Be3 Nc6 7. Qd2 g6 8. Nf3 Bg7 9. h4 Bg4 10. Ng5 h6 11.
Ne4 Qc7 12. f3 Bf5 13. g4 Bxe4 14. fxe4 h5 15. gxh5 Rxh5 16. Be2 Rh8 17. h5 gxh5 18. Rxh5 O-O-O 19. O-O-O Kb8 20. Rdh1 Rxh5 21. Rxh5 Ne5 22. Rh7 Bf6 23. b3 Rg8 24. Kb2 Rc8 25. Bd4 a6 26. a4 Qd8 27. Qe3 Qg8 28. Rh5 Qg7 29. Rf5 Nd7 30.
Bc4 e6 31. Rf1 Be5 32. a5 Rc7 33. Qf2 Nc5 34. Bxe5 Qxe5 35. Qd4 Nxe4 36. Bd3 Nxc3 37. Qxe5 dxe5 38. Rg1 Nd5 39. Rg8+ Rc8 40. Rg7 Rc7 41. Rg8+ Ka7 42. Rf8 f5 43. Bc4 e4 44. Re8 Rc6 45. Kc1 f4 46. Kd2 Ne3 47. Bxe6 Rxc2+ 48. Ke1 f3 49. Bc4 f2# 0-1

[Event "*** SCC Grand Prix: Titled Tuesday Blitz"]
[Site "Chess.com"]
[Date "2020.08.04"]
[Round "3"]
[White "KuzubovYuriy"]
[Black "Koksik_13"]
[Result "0-1"]
[WhiteElo "2829"]
[BlackElo "2611"]
[TimeControl "180+1"]
[EndTime "14:13:18 PDT"]
[Termination "Koksik_13 won by resignation"]

1. d4 e6 2. c4 d5 3. Nc3 a6 4. cxd5 exd5 5. Nf3 Nf6 6. Bg5 Nbd7 7. e3 Be7 8. Bd3 O-O 9. Qc2 c6 10. h3 Re8 11.
Bf4 Nf8 12. Ne5 Bd6 13. O-O Ng6 14. Nxg6 hxg6 15. Bxd6 Qxd6 16. Rfe1 Bd7 17. Rad1 Re7 18. Na4 Rae8 19. Qc5 Qb8 20. Nb6 Bf5 21. Qc2 Bxd3 22. Rxd3 g5 23. Qd1 g6 24. Na4 Kg7 25. Nc5 Rh8 26. Qf3 Ne4 27. Rdd1 f5 28. Nxe4 Rxe4 29. Qg3 Qd8 30. f3 Re6 31. Qf2 Rhe8 32. Re2 Qe7 33. Rde1 a5 34. a3 a4 35. Kf1 Qc7 36.
Kg1 Qb6 37. Qg3 Qd8 38. Qf2 Qd6 39. Kh1 g4 40. h4 g3 41. Qf1 Qe7 42. Kg1 Qxh4 0-1

[Event "*** SCC Grand Prix: Titled Tuesday Blitz"]
[Site "Chess.com"]
[Date "2020.08.04"]
[Round "3"]
[White "Siemba"]
[Black "Yoshikrov"]
[Result "1-0"]
[WhiteElo "2403"]
[BlackElo "2143"]
[TimeControl "180+1"]
[EndTime "14:13:18 PDT"]
[Termination "Siemba won by resignation"]

1. e4 c5 2. Nf3 d6 3. d4 cxd4 4.
Nxd4 Nf6 5. Nc3 a6 6. Bg5 e6 7. f4 h6 8. Bh4 Qb6 9. a3 Nc6 10. Bf2 Qc7 11. Qf3 Be7 12. O-O-O Nxd4 13. Rxd4 e5 14.
Rd2 Be6 15. f5 Bc4 16. Bxc4 Qxc4 17. Bh4 b5 18. Bxf6 gxf6 19. Nd5 a5 20. Nb6 Qc6 21. Nxa8 Qxa8 22. Qd3 b4 23. a4 Qc6 24. Qb5 Qxb5 25.
axb5 Kd7 26. b3 Rb8 27. Rd5 Kc7 28. Kb2 Kb6 29. Rhd1 Rg8 30. g3 Rg4 31. Re1 h5 32. c4 bxc3+ 33. Kxc3 h4 34. Re3 hxg3 35. hxg3 Rg8 36.
Kd2 Rh8 37. Rc3 Rh2+ 38. Ke3 Rh3 39. Rc6+ Kb7 40. Kf3 Rh1 41. Ra6 Ra1 42. Kg4 Ra3 43. b4 axb4 44. Rxa3 bxa3 45. Rd3 Kb6 46. Rxa3 d5 47.
Ra6+ Kxb5 48. Ra7 Bd6 49. exd5 Kc5 50. Rxf7 Kxd5 51. Rxf6 e4 52. Re6 Bc5 53. Kf4 e3 54. Rxe3 Bxe3+ 55. Kxe3 Ke5 56. g4 1-0

[Event "*** SCC Grand Prix: Titled Tuesday Blitz"]
[Site "Chess.com"]
[Date "2020.08.04"]
[Round "3"]
[White "KatarinaOstojic"]
[Black "guillembaches"]
[Result "0-1"]
[WhiteElo "2205"]
[BlackElo "2401"]
[TimeControl "180+1"]
[EndTime "14:13:18 PDT"]
[Termination "guillembaches won on time"]

1. e4 c5 2. Nf3 d6 3. Bb5+ Bd7 4. Bxd7+ Qxd7 5. c4 e5 6. Nc3 Nc6 7. O-O Be7 8. d3 Bd8 9. a3 Nge7 10. Rb1 a5 11. Nd5 O-O 12. Bd2 f5 13. b4 axb4 14. axb4 Nxd5 15. cxd5 Nxb4 16. Bxb4 cxb4 17. Rxb4 b5 18.
Qb3 fxe4 19. dxe4 Ra4 20. Rxa4 bxa4 21. Qc4 Bb6 22. h3 a3 23. Ra1 Bc5 24. Qb3 h6 25. Ra2 Rf4 26. Qb8+ Kh7 27. Qb1 Qf7 28. Qd3 Qg6 29.
Re2 Rf8 30. Ra2 Rb8 31. Nh4 Qf6 32. Nf5 g6 33. Ne3 Qf4 34. Ra1 Rb2 35. Nd1 Rd2 36.
Qc4 Bxf2+ 37. Kh1 h5 38. Nxf2 Qxf2 39. Qf1 Qxf1+ 40. Rxf1 a2 41. Ra1 Rb2 42. Kh2 h4 0-1

[Event "*** SCC Grand Prix: Titled Tuesday Blitz"]
[Site "Chess.com"]
[Date "2020.08.04"]
[Round "3"]
[White "Beca95"]
[Black "Zurability"]
[Result "1-0"]
[WhiteElo "2886"]
[BlackElo "2683"]
[TimeControl "180+1"]
[EndTime "14:13:21 PDT"]
[Termination "Beca95 won on time"]

1. d4 Nf6 2. c4 e6 3. Nc3 d5 4. Nf3 Nbd7 5. Qc2 dxc4 6. e4 Nb6 7. a4 a5 8. Be3 Bb4 9. Ne5 O-O 10. Be2 Nfd7 11.
Nxc4 Nxc4 12. Bxc4 e5 13. d5 Kh8 14. O-O c6 15.
Rad1 Qc7 16. Ba2 cxd5 17. exd5 f5 18. f4 exf4 19. Bxf4 Qb6+ 20. Kh1 Nf6 21. Nb5 Bd7 22. Nc7 Rac8 23. d6 Ne4 24. Qd3 Nf2+ 25. Rxf2 Qxf2 26. Be5 Bc6 27. Bd5 Bd7 28. Rf1 Qh4 29. g3 Qh6 30. Bg2 Rcd8 31. Qd4 Bc8 32. Rd1 Rf7 33. Nb5 Rff8 34. h4 Bd7 35. Nc7 Bc6 36. Bxc6 bxc6 37. Qf4 Qxf4 38. gxf4 Rd7 39. Ne6 Re8 40. Nd4 Bxd6 41.
Nxf5 Bxe5 42. Rxd7 Bxf4 43. Nxg7 Re1+ 44. Kg2 Rb1 45.
Nf5 1-0

[Event "*** SCC Grand Prix: Titled Tuesday Blitz"]
[Site "Chess.com"]
[Date "2020.08.04"]
[Round "3"]
[White "GoltsevDmitry2000"]
[Black "Hrant_ChessMood"]
[Result "0-1"]
[WhiteElo "2628"]
[BlackElo "2858"]
[TimeControl "180+1"]
[EndTime "14:13:22 PDT"]
[Termination "Hrant_ChessMood won on time"]

1. e4 c6 2. Nf3 d5 3. exd5 cxd5 4. b3 Nf6 5. Bb2 Nc6 6. Be2 Bg4 7. h3 Bh5 8. Ne5 Bxe2 9. Qxe2 e6 10. O-O Bd6 11. Nxc6 bxc6 12. d3 O-O 13. Nd2 a5 14. a4 Re8 15. Nf3 e5 16. Nd2 Bb4 17. Rfe1 Nd7 18.
Red1 f6 19. Nf1 Nf8 20. Ne3 Ne6 21. Qg4 Qd7 22. Qf5 Rad8 23. Ng4 Nf4 24. Qxd7 Rxd7 25.
Ne3 Kf7 26. Kh2 h5 27. g3 Ne6 28. Ba3 Bxa3 29. Rxa3 Nd4 30. c3 Ne6 31. Rb1 Rb8 32. b4 Rdb7 33. Rab3 Nc5 34. Ra3 Nxd3 35. b5 cxb5 36. axb5 Rxb5 37. Rxb5 Rxb5 38. c4 dxc4 39. Nxc4 Rd5 40. Kg2 Rd4 41. Ne3 a4 42. Nf5 Ne1+ 43. Kf1 Nc2 44. Ra2 Rd2 45. Kg2 Ne1+ 46. Kf1 Rxa2 47.
Kxe1 a3 0-1

[Event "*** SCC Grand Prix: Titled Tuesday Blitz"]
[Site "Chess.com"]
[Date "2020.08.04"]
[Round "3"]
[White "Kavyev_Ruslan"]
[Black "DaggiGretarsson"]
[Result "0-1"]
[WhiteElo "2394"]
[BlackElo "2614"]
[TimeControl "180+1"]
[EndTime "14:13:22 PDT"]
[Termination "DaggiGretarsson won by resignation"]

1. d4 g6 2. c4 Bg7 3. e4 e6 4. Nc3 Ne7 5. Nf3 d5 6. Be3 Nbc6 7. Be2 O-O 8. O-O dxe4 9. Nxe4 f5 10. Nc5 f4 11.
Bd2 Nxd4 12. Bc3 e5 13. Re1 b6 14. Nd3 e4 15. Nxd4 Bxd4 16. Ne5 c5 17. Bxd4 cxd4 18. Bg4 e3 19. fxe3 dxe3 20. Bf3 Rb8 21. Qa4 Qc7 22.
Nd3 a5 23. Rad1 Bd7 24. Qc2 Bc6 25. Bxc6 Nxc6 26. c5 b5 27. Qb3+ Qf7 28. Qxf7+ Rxf7 29. Nc1 g5 30. Ne2 g4 31. Nc3 Re8 32. Nd5 Re4 33. Nc3 Re5 34. Rd5 f3 35. gxf3 gxf3 36. Kf1 e2+ 37. Kf2 Rxd5 38. Nxd5 Ne5 39. Rg1+ Kf8 40. Ke3 Ng4+ 41. Kd2 f2 42. Kxe2 fxg1=Q 0-1

[Event "*** SCC Grand Prix: Titled Tuesday Blitz"]
[Site "Chess.com"]
[Date "2020.08.04"]
[Round "3"]
[White "Ural_bogatyr"]
[Black "creativity"]
[Result "1-0"]
[WhiteElo "2374"]
[BlackElo "1995"]
[TimeControl "180+1"]
[EndTime "14:13:28 PDT"]
[Termination "Ural_bogatyr won on time"]

1. d4 Nf6 2. Bf4 g6 3. e3 Bg7 4. Nf3 O-O 5. h3 d6 6. Be2 Nfd7 7. O-O c5 8. a4 Na6 9. a5 e5 10. Bh2 e4 11. Nfd2 d5 12. Nb3 c4 13.
N3d2 Nc7 14. b3 cxb3 15. Nxb3 Ne6 16. c4 dxc4 17. Bxc4 Nf6 18. Nc3 Ng5 19. Nc5 Re8 20. Bf4 Nh5 21. Bxg5 Qxg5 22. N5xe4 Qh4 23. Qf3 Be6 24.
Bxe6 fxe6 25. Qg4 Qe7 26. Rab1 Rac8 27. Nb5 Rc6 28. Nxa7 Ra6 29. Nb5 Rxa5 30. Nbd6 Rb8 31. Qe2 Nf6 32. Nxf6+ Bxf6 33. Ne4 Bg7 34. Nc5 e5 35. Qc4+ Kh8 36. Rfc1 exd4 37. exd4 Rc8 38. Rxb7 Qxb7 39. Nxb7 Rxc4 40. Rxc4 Ra1+ 41. Kh2 Bf6 42. Nd6 Kg7 43. g4 Ra2 44. Rc7+ Kg8 45. Kg2 Bxd4 46. Ne4 Ba1 47. Rd7 1-0

[Event "*** SCC Grand Prix: Titled Tuesday Blitz"]
[Site "Chess.com"]
[Date "2020.08.04"]
[Round "3"]
[White "Jospem"]
[Black "MarcoRiehle"]
[Result "0-1"]
[WhiteElo "2921"]
[BlackElo "2737"]
[TimeControl "180+1"]
[EndTime "14:13:29 PDT"]
[Termination "MarcoRiehle won by checkmate"]

1. e4 e5 2. Nf3 Nf6 3. Nxe5 Nxe4 4. d4 d6 5. Nf3 d5 6. Bd3 Bd6 7. O-O O-O 8. c4 c6 9. Nc3 Nxc3 10. bxc3 dxc4 11.
Bxc4 Bg4 12. h3 Bh5 13. Be2 Nd7 14. Nd2 Bxe2 15. Qxe2 Re8 16. Qf3 Bc7 17. Rb1 Rb8 18. Ne4 Nf8 19. Nc5 Qc8 20. Bd2 Ne6 21. Ne4 Qd7 22.
a4 Qd5 23. Rfe1 b6 24. Qd3 c5 25. Be3 cxd4 26. cxd4 Rbd8 27. Nc3 Qd6 28. g3 Bb8 29. d5 Nc5 30. Bxc5 Qxc5 31. Rxe8+ Rxe8 32. Rd1 Rd8 33. Kg2 h6 34. Re1 Bd6 35. Re3 Be7 36.
Qa6 Bf6 37. Ne4 Qxd5 38. Qxa7 Bd4 39. Re2 f5 40. f3 fxe4 41. fxe4 Qc4 42. Rd2 Qc3 43.
Re2 Qd3 44. Ra2 Qxe4+ 45. Kh2 Bg1+ 46. Kxg1 Rd1+ 47. Kf2 Qd4+ 48. Ke2 Qd3+ 49. Kf2 Rf1+ 50. Kg2 Qf3+ 51. Kh2 Rh1# 0-1

[Event "*** SCC Grand Prix: Titled Tuesday Blitz"]
[Site "Chess.com"]
[Date "2020.08.04"]
[Round "3"]
[White "mapleaff"]
[Black "CzechmVIII"]
[Result "1-0"]
[WhiteElo "2365"]
[BlackElo "2153"]
[TimeControl "180+1"]
[EndTime "14:13:29 PDT"]
[Termination "mapleaff won by resignation"]

1. Nf3 c5 2. e4 d6 3. Bb5+ Bd7 4. Bxd7+ Qxd7 5. c4 e5 6. O-O Nc6 7. Nc3 Be7 8. d3 Bd8 9. Nd5 Nge7 10. a3 O-O 11. h3 f5 12. b4 cxb4 13. axb4 Nxd5 14. exd5 Nxb4 15. Ba3 Na6 16. Rb1 Bb6 17. Ng5 Rae8 18. Ne6 Rxe6 19. dxe6 Qxe6 20. Qf3 e4 21. dxe4 fxe4 22.
Qe2 Rc8 23. Rbc1 Nc5 24. Rfe1 Qf5 25. Bxc5 Bxc5 26. Rcd1 Rf8 27. Rd2 Bb4 28. Rd5 Qf7 29. Rb1 Bc5 30. Rb2 b6 31. Rd1 Qf4 32. Re1 Bd4 33. Rd2 Be5 34. g3 Qf5 35. Qxe4 Qxh3 36. Qd5+ Kh8 37. Qg2 Qf5 38. Rd5 h6 39. f4 Qf6 40.
fxe5 dxe5 41. Rdxe5 Qd6 42. Re8 Qd4+ 43. Kh2 Rxe8 44. Rxe8+ Kh7 45. Qe4+ 1-0

[Event "*** SCC Grand Prix: Titled Tuesday Blitz"]
[Site "Chess.com"]
[Date "2020.08.04"]
[Round "3"]
[White "igorkovalenko"]
[Black "KaterynaLagno"]
[Result "0-1"]
[WhiteElo "2879"]
[BlackElo "2728"]
[TimeControl "180+1"]
[EndTime "14:13:31 PDT"]
[Termination "KaterynaLagno won by resignation"]

1. e4 e5 2. Nf3 Nc6 3. Bb5 g6 4. h4 Nf6 5. d4 Nxe4 6. dxe5 d5 7. Nc3 Bb4 8. O-O Bxc3 9. bxc3 Nxc3 10. Bxc6+ bxc6 11. Qd3 Ne4 12. Bh6 Bf5 13. Qe3 Qe7 14. Nd4 Bd7 15.
f3 Ng3 16. Bg5 Nxf1 17. Rxf1 Qc5 18. Bf6 Rg8 19. Rb1 Be6 20. Rb7 Rc8 21. Rb3 Kd7 22.
Rc3 Qb6 23. Rxc6 Qxc6 24. Nxc6 Kxc6 25. Qc3+ Kd7 26. Qc5 Rge8 27. a4 Rb8 28. Kh2 Rb7 29.
Kg3 h5 30. Kf4 a6 31. Kg5 Kc8 32. Qc6 Bd7 33. Qxa6 Kb8 34. a5 Bb5 35. Qxb7+ Kxb7 36. Kh6 Ka6 37. Kg7 Bc4 38. Kxf7 Rb8 39. Kxg6 Kxa5 40. Kxh5 Kb4 41. Kg5 Kc3 42. e6+ Kxc2 43. e7 c5 44. h5 d4 45. h6 d3 46. h7 d2 47. h8=Q Rxh8 48. Bxh8 Bf7 49. Kf6 Be8 50. f4 d1=Q 51.
f5 Qd4+ 52. Ke6 Qxh8 53. f6 Qg8+ 0-1

[Event "*** SCC Grand Prix: Titled Tuesday Blitz"]
[Site "Chess.com"]
[Date "2020.08.04"]
[Round "3"]
[White "RitvarsReimanis"]
[Black "Mbneu"]
[Result "1/2-1/2"]
[WhiteElo "2503"]
[BlackElo "2257"]
[TimeControl "180+1"]
[EndTime "14:13:34 PDT"]
[Termination "Game drawn by repetition"]

1. d4 Nf6 2. c4 c5 3. d5 e6 4. Nc3 exd5 5. cxd5 d6 6. e4 g6 7. Nf3 Bg7 8. h3 O-O 9. Bd3 b5 10. Nxb5 Re8 11. O-O Nxe4 12. Re1 a6 13. Na3 Nf6 14. Nc4 Bb7 15. Rxe8+ Nxe8 16. Bf1 Nd7 17. Bf4 Nb6 18.
Nxb6 Qxb6 19. Rb1 Nc7 20. Bc4 Nb5 21. b4 Nc3 22. Qe1 Nxb1 23. Qxb1 Qxb4 24. Qxb4 cxb4 25. Bxd6 Rd8 26. Bxb4 Bxd5 27. Bxa6 Bxa2 28. Bc5 Rd1+ 29.
Kh2 Bd5 30. Kg3 h6 31. h4 Bf8 32. Bxf8 Kxf8 33. Be2 Ra1 34. Nd4 Ra3+ 35. f3 Ra2 36. Bf1 h5 37. Nb5 Ke7 38. Nc3 Rd2 39. Kf4 Bc6 40.
Ke3 Rc2 41. Nd1 Kf6 42. Nf2 Ra2 43. Nh3 Rb2 44. Nf2 Bb5 45. Bxb5 Rxb5 46. Kf4 Rb4+ 47. Ne4+ Kg7 48. Kg3 Rb2 49. Kh3 Re2 50. Ng3 Ra2 51.
Ne4 f6 52. Kg3 Ra3 53. Nf2 Kf7 54. Nh3 Ke6 55. Nf4+ Kf5 56. Nd5 Ra1 57. Ne7+ Ke6 58. Nxg6 Kf5 59. Ne7+ Ke6 60. Ng6 Kf7 61. Nf4 Ra5 62. Ne2 Kg6 63. Nf4+ Kh6 64. Ne2 Ra4 65. Nf4 Ra5 66. Nh3 Ra4 67. Nf4 Ra5 1/2-1/2

[Event "*** SCC Grand Prix: Titled Tuesday Blitz"]
[Site "Chess.com"]
[Date "2020.08.04"]
[Round "3"]
[White "peixe64"]
[Black "MPGM"]
[Result "0-1"]
[WhiteElo "2312"]
[BlackElo "2544"]
[TimeControl "180+1"]
[EndTime "14:13:35 PDT"]
[Termination "MPGM won on time"]

1. e4 c6 2. d4 d5 3. Nc3 dxe4 4. Nxe4 Nf6 5. Nxf6+ exf6 6. c3 Bd6 7. Bd3 O-O 8.
Qc2 Re8+ 9. Ne2 h5 10. O-O h4 11.
h3 Nd7 12. Be3 Nf8 13. Rae1 Be6 14. c4 Qd7 15. Nc3 Ng6 16. Ne4 Nf4 17. Nxd6 Qxd6 18. Bh7+ Kh8 19. Qe4 Bxc4 20. Bxf4 Rxe4 21. Bxd6 Rxd4 22.
Re4 Rxd6 23. Rxc4 Kxh7 24. Rxh4+ Kg8 25. Rb4 b6 26. Re1 Kf8 27. Rbe4 Rd7 28. Rc4 c5 29. b4 cxb4 30. Rxb4 Rc8 31. a4 g6 32. g3 f5 33.
Kg2 Rc5 34. Re2 Kg7 35. h4 Kf6 36. Ra2 Rdd5 37. Re2 Ra5 38. Rf4 Rd3 39. Rc4 Rc5 40. Rxc5 bxc5 41. Rc2 Rd5 42. Kf3 Ke5 43. Rb2 c4 44.
Ke3 Rd3+ 45. Ke2 Rb3 46. Rc2 Kd4 47. Ra2 c3 48. Rc2 Rb2 49. Kd1 Kd3 50. Rc1 Rxf2 51. Ke1 Rh2 52. Rd1+ Ke3 0-1

[Event "*** SCC Grand Prix: Titled Tuesday Blitz"]
[Site "Chess.com"]
[Date "2020.08.04"]
[Round "3"]
[White "andy_rekt"]
[Black "tlomigtlis"]
[Result "0-1"]
[WhiteElo "2217"]
[BlackElo "2417"]
[TimeControl "180+1"]
[EndTime "14:13:36 PDT"]
[Termination "tlomigtlis won on time"]

1. d4 Nf6 2. c4 g6 3. Nc3 d5 4. Bf4 Bg7 5. e3 O-O 6. Rc1 Nc6 7. a3 Re8 8. cxd5 Nxd5 9. Nxd5 Qxd5 10. Bxc7 Bf5 11.
Nf3 Rac8 12. Bg3 Qa5+ 13. Qd2 Qxd2+ 14. Nxd2 e5 15. d5 Ne7 16. Bc4 b5 17. e4 bxc4 18.
exf5 Nxd5 19. fxg6 hxg6 20. Rxc4 Rxc4 21. Nxc4 Rc8 22.
b3 Nb6 23. Ke2 Nxc4 24. bxc4 Rxc4 25. Rb1 Ra4 26. Rb8+ Kh7 27. Rb3 f5 28. f3 Rc4 29.
Rb7 f4 30. Bh4 Kh6 31. Rxa7 Rc2+ 32. Kf1 Rc1+ 33. Ke2 Rg1 34. Kf2 Rh1 35. h3 e4 36.
Bg5+ Kxg5 37. Rxg7 e3+ 38. Ke2 Ra1 39. h4+ Kf6 40.
Ra7 Ra2+ 41. Kf1 Ke5 42. Ra4 Ra1+ 43. Ke2 Ra2+ 44. Kf1 Kf5 45. Ra5+ Kf6 46. Ra4 Ke5 47. Re4+ Kf5 48. Ra4 Ke5 49. Rxf4 Kxf4 0-1

[Event "*** SCC Grand Prix: Titled Tuesday Blitz"]
[Site "Chess.com"]
[Date "2020.08.04"]
[Round "3"]
[White "BJthechessgod"]
[Black "Sadykov_Ramil"]
[Result "1/2-1/2"]
[WhiteElo "2250"]
[BlackElo "2432"]
[TimeControl "180+1"]
[EndTime "14:13:36 PDT"]
[Termination "Game drawn - insufficient material"]

1. e4 c5 2. Nf3 d6 3. d4 cxd4 4. Nxd4 Nf6 5. Nc3 a6 6. Bc4 e6 7. Bb3 b5 8. O-O Be7 9. f4 O-O 10.
a3 Bb7 11. e5 dxe5 12. fxe5 Nd5 13. Nxd5 Bxd5 14. Bxd5 Qxd5 15. Nf3 Rd8 16. Qxd5 Rxd5 17. Be3 Nc6 18. Rad1 Rad8 19. Rxd5 Rxd5 20. Bf4 h6 21. h4 g6 22. g3 Kg7 23. Kf2 Na5 24. Nd2 Nc6 25. Nf3 Na5 26. Nd2 Bc5+ 27. Ke2 Bd4 28. b4 Nc6 29. Nf3 Bxe5 30. Nxe5 Nxe5 31. Bxe5+ Rxe5+ 32. Kd3 Rd5+ 33. Kc3 f5 34. Kb3 e5 35. a4 e4 36. axb5 axb5 37. Re1 Kf6 38. g4 Ke5 39. h5 gxh5 40. gxf5 Kxf5 41. c4 Rd3+ 42. Kb2 bxc4 43.
Kc2 Rb3 44. Rh1 Kg4 45. Rg1+ Kf3 46. Rh1 Rxb4 47. Rxh5 Ra4 48. Rxh6 e3 49. Rh3+ Kg2 50. Rxe3 Kf2 51. Rh3 Ra2+ 52. Kc1 Re2 53. Rh2+ Ke3 54. Rxe2+ Kxe2 55. Kc2 Ke3 56. Kc3 Ke4 57. Kxc4 1/2-1/2

[Event "*** SCC Grand Prix: Titled Tuesday Blitz"]
[Site "Chess.com"]
[Date "2020.08.04"]
[Round "3"]
[White "mortngabriel"]
[Black "Vadim_Biliy"]
[Result "1-0"]
[WhiteElo "2431"]
[BlackElo "2238"]
[TimeControl "180+1"]
[EndTime "14:13:37 PDT"]
[Termination "mortngabriel won by resignation"]

1. Nf3 d5 2. c4 e6 3. e3 Nf6 4. b3 Be7 5. Bb2 O-O 6. Nc3 c5 7. cxd5 Nxd5 8. Nxd5 Qxd5 9. Bc4 Qd8 10. O-O a6 11.
Rc1 b5 12. Be2 Bb7 13. d4 Nd7 14. Qc2 Rc8 15. Qb1 Nf6 16. Rfd1 Qb6 17. dxc5 Rxc5 18. Bd4 Rxc1 19. Rxc1 Qd8 20. Ne5 Qa8 21. f3 Rc8 22. e4 h6 23. Rc2 Rxc2 24. Qxc2 Qc8 25. Qxc8+ Bxc8 26. Nc6 Kf8 27. Nxe7 Kxe7 28. Kf2 Ne8 29. a4 bxa4 30. bxa4 f6 31. e5 fxe5 32. Bxe5 Nf6 33. Ke3 Kd7 34. Kd4 Kc6 35. Bc4 Bd7 36. Bxa6 Kb6 37. Bc4 Bxa4 38. Bxe6 Kc6 39. h4 Bb5 40. g4 Be2 41. g5 hxg5 42. hxg5 Ne8 43. f4 Bh5 44. Bd5+ Kd7 45. f5 Ke7 46. Bc6 Bg4 47. Ke4 Nd6+ 48. Kf4 Bxf5 49. Bxd6+ Kxd6 50. Kxf5 Kxc6 51. Kg6 Kd6 52. Kxg7 Ke6 53. g6 Kf5 54. Kf7 1-0

[Event "*** SCC Grand Prix: Titled Tuesday Blitz"]
[Site "Chess.com"]
[Date "2020.08.04"]
[Round "3"]
[White "rududuyk"]
[Black "ClydeHillKid"]
[Result "0-1"]
[WhiteElo "2074"]
[BlackElo "2312"]
[TimeControl "180+1"]
[EndTime "14:13:37 PDT"]
[Termination "ClydeHillKid won by resignation"]

1. e4 e6 2. d4 d5 3. Nd2 Nf6 4.
e5 Nfd7 5. Bd3 c5 6. c3 Nc6 7.
Ne2 Qb6 8. Nf3 cxd4 9. cxd4 f6 10. exf6 Nxf6 11. O-O Bd6 12. a3 O-O 13. b4 e5 14. dxe5 Nxe5 15. Ned4 Bg4 16. Be3 Qd8 17. Be2 Qe7 18. h3 Bh5 19. Nf5 Qd7 20. Nxd6 Qxd6 21. Bc5 Qe6 22. Bxf8 Nxf3+ 23. Bxf3 Bxf3 24. Qxf3 Rxf8 25. Rfe1 Ne4 26. Qe3 Qf6 27. Ra2 a6 28. Rc2 Qf7 29. f3 Nf6 30. Qe6 Re8 31. Qxf7+ Kxf7 32. Rxe8 Nxe8 33. Kf2 Ke6 34. Re2+ Kd7 35. Ke3 Nd6 36. Kf4 h6 37. Rd2 Ke6 38. Re2+ Kf6 39. Rc2 Nc4 40. Rc3 b5 41. Rd3 g5+ 42. Kg3 Ke5 43. h4 d4 44.
hxg5 hxg5 45. Kg4 Ne3+ 46. Kxg5 Nxg2 47. Rd2 Ne3 48. f4+ Ke4 49. Rh2 d3 50. f5 Nxf5 51. Rh1 Ne3 52. Rh6 d2 53. Re6+ Kd3 54. Rd6+ Ke2 55.
Rxa6 d1=Q 0-1

[Event "*** SCC Grand Prix: Titled Tuesday Blitz"]
[Site "Chess.com"]
[Date "2020.08.04"]
[Round "3"]
[White "spacegirl987"]
[Black "vesalhamedinia"]
[Result "0-1"]
[WhiteElo "1945"]
[BlackElo "2286"]
[TimeControl "180+1"]
[EndTime "14:13:42 PDT"]
[Termination "vesalhamedinia won on time"]

1. e4 c5 2. Nf3 Nc6 3. d4 cxd4 4. Nxd4 Nf6 5. Nc3 e5 6. Ndb5 d6 7. Bg5 a6 8. Na3 b5 9. Nd5 Be7 10. Bxf6 Bxf6 11. c3 Bg5 12. Nc2 Rb8 13. Nce3 O-O 14. Be2 Be6 15. O-O a5 16. Qd3 Ne7 17. Rad1 g6 18.
Nxe7+ Bxe7 19. Nd5 Bg5 20. Ne3 Rb6 21. Bg4 Bxe3 22.
Bxe6 Bxf2+ 23. Rxf2 fxe6 24. Rxf8+ Qxf8 25. Qe3 Rb7 26. Qd3 Rb6 27. Qe3 Ra6 28. Qd3 Qb8 29.
Rf1 Ra7 30. Rf6 Re7 31. Qe3 b4 32. c4 Qc7 33. b3 Kg7 34. Rf1 Rf7 35. Rd1 Qc6 36.
h3 h6 37. Qd3 Rd7 38. Kh2 g5 39. Qf3 Rf7 40. Qd3 Rf2 41. Qxd6 Qxe4 42. Qe7+ Rf7 43. Qxe6 Qf4+ 44. Kh1 Qg3 45. Qd5 Qe3 46. Rg1 Qe2 0-1

[Event "*** SCC Grand Prix: Titled Tuesday Blitz"]
[Site "Chess.com"]
[Date "2020.08.04"]
[Round "3"]
[White "Shota_Azaladze"]
[Black "OparinGrigoriy"]
[Result "1-0"]
[WhiteElo "2697"]
[BlackElo "2941"]
[TimeControl "180+1"]
[EndTime "14:13:43 PDT"]
[Termination "Shota_Azaladze won by resignation"]

1. Nf3 d5 2. g3 Nf6 3. Bg2 c5 4. O-O g6 5. c4 Bg7 6. Nc3 O-O 7.
d3 Nc6 8. cxd5 Nxd5 9. Bd2 Nc7 10. Rc1 b6 11. Qa4 Bd7 12. Qh4 e6 13. Qxd8 Rfxd8 14. Bf4 Rac8 15. Nd2 e5 16. Bg5 f6 17. Be3 Nd4 18.
Rfe1 Be6 19. b3 Nf5 20. Nc4 Nxe3 21. fxe3 h5 22. Kf2 Bh6 23. a4 Kg7 24. Nb5 Nxb5 25. axb5 Rc7 26. Ra1 Kh7 27. Ra4 Rdd7 28. Bc6 Re7 29.
Rea1 Bg7 30. e4 f5 31. exf5 gxf5 32. e4 f4 33. Kg2 Bh6 34. Bd5 Bg4 35. gxf4 exf4 36.
e5 Bf5 37. Kf3 Bxd3 38. Be4+ Bxe4+ 39. Kxe4 Rcd7 40. h4 Rd4+ 41. Kf5 Rdd7 42. e6 Rc7 43.
Ne5 Bg7 44. Nc6 Bxa1 45. Nxe7 Rxe7 46. Rxa1 f3 47. Kf6 Rg7 48. e7 Rg6+ 49. Kf7 Rg7+ 50. Ke6 Rg6+ 51. Kd7 Rg7 52. Rf1 Rf7 53. Kd8 1-0

[Event "*** SCC Grand Prix: Titled Tuesday Blitz"]
[Site "Chess.com"]
[Date "2020.08.04"]
[Round "3"]
[White "Goryachkina"]
[Black "Tactictic"]
[Result "1-0"]
[WhiteElo "2588"]
[BlackElo "2389"]
[TimeControl "180+1"]
[EndTime "14:13:43 PDT"]
[Termination "Goryachkina won by resignation"]

1. e4 c5 2. Nf3 d6 3. c3 Nf6 4.
Be2 Nc6 5. d4 cxd4 6. cxd4 d5 7.
e5 Ne4 8. O-O e6 9. Ne1 f5 10.
exf6 Qxf6 11. Be3 Bd6 12. Nc3 Nxc3 13. bxc3 O-O 14. Nd3 e5 15. dxe5 Nxe5 16. Nxe5 Qxe5 17. g3 Bh3 18. Re1 Rad8 19. Bf3 Qxc3 20. Bxd5+ Kh8 21. Qb3 Be5 22. Rac1 Qxb3 23. Bxb3 b6 24. Red1 Bg4 25. Rxd8 Rxd8 26. f4 Bf6 27. Kf2 h6 28. Rc7 Rd7 29.
Rc8+ Rd8 30. Rxd8+ Bxd8 31. Bd4 Bf6 32. Ke3 Bxd4+ 33.
Kxd4 g5 34. fxg5 hxg5 35. Kd5 Kg7 36. Kc6 Bf3+ 37. Kc7 b5 38. Kd6 Kf6 39. Kc5 Be2 40. Bd5 Ke5 41. Bc6 Bc4 42. a3 a6 43. h4 gxh4 44.
gxh4 Kf4 45. Bb7 Kg4 46. Bxa6 Kxh4 47. Bxb5 Bb3 48. Kb4 Bd1 49. Ba4 Be2 50. Bb3 Bf3 51. a4 Kg5 52. a5 Bb7 53. Kc5 Ba6 54. Bc4 Bc8 55. Kb6 Kf6 56. Kc7 Bg4 57. a6 Bf3 58. a7 Ba8 59. Ba6 Ke5 60. Bb7 1-0

[Event "*** SCC Grand Prix: Titled Tuesday Blitz"]
[Site "Chess.com"]
[Date "2020.08.04"]
[Round "3"]
[White "davidkalashian"]
[Black "Anton_Demchenko"]
[Result "0-1"]
[WhiteElo "2578"]
[BlackElo "2833"]
[TimeControl "180+1"]
[EndTime "14:13:44 PDT"]
[Termination "Anton_Demchenko won by resignation"]

1. d4 d5 2. Nf3 Nf6 3. c4 dxc4 4. e3 Bg4 5. Bxc4 e6 6. O-O Nbd7 7. b3 Bd6 8. Bb2 O-O 9. Be2 Qe7 10. Nbd2 Ba3 11. Bxa3 Qxa3 12. Qc1 Qxc1 13. Raxc1 c6 14. h3 Bh5 15. Nc4 a5 16. Nd6 Rfb8 17. g4 Bg6 18. Ne5 Nxe5 19. dxe5 Nd5 20. Bc4 a4 21. Bxd5 exd5 22.
f4 axb3 23. f5 bxa2 24. fxg6 hxg6 25. Ra1 Ra3 26. Rxf7 Rxe3 27. Rxb7 Rxb7 28. Nxb7 Rb3 29. Rxa2 Rxb7 30. Ra8+ Kf7 31. Rc8 Rb6 32. Rc7+ Ke6 33. Rxg7 Kxe5 34. Rxg6 d4 35. Kf2 Rb2+ 36. Kf3 Rb3+ 37.
Ke2 c5 38. Rg5+ Kd6 39. h4 c4 40.
h5 Rb2+ 41. Kd1 c3 42. Rg8 Kc5 43. Rc8+ Kd5 44. h6 Rh2 45. g5 Ke4 46. Rf8 d3 47.
Re8+ Kf5 48. Re1 Kxg5 49. Re3 Rh1+ 50. Re1 c2+ 51. Kd2 Rxe1 0-1

[Event "*** SCC Grand Prix: Titled Tuesday Blitz"]
[Site "Chess.com"]
[Date "2020.08.04"]
[Round "3"]
[White "arminmusovic"]
[Black "Chessbard1972"]
[Result "0-1"]
[WhiteElo "2512"]
[BlackElo "2326"]
[TimeControl "180+1"]
[EndTime "14:13:48 PDT"]
[Termination "Chessbard1972 won by resignation"]

1. a3 e5 2. Nc3 d5 3. d4 e4 4. Bf4 c6 5. f3 Nf6 6. Qd2 Bd6 7. e3 Bxf4 8. exf4 O-O 9. O-O-O exf3 10. Nxf3 Bg4 11.
Be2 Bxf3 12. Bxf3 Nbd7 13. Rde1 Re8 14. g4 Nb6 15. g5 Nc4 16. Qd3 Nd7 17. b3 Nxa3 18.
Kb2 Nb5 19. Nxb5 cxb5 20. Qxb5 Nb6 21. Bxd5 Rxe1 22. Rxe1 Nxd5 23. f5 Nc7 24. Qe5 f6 25.
gxf6 gxf6 26. Qe7 Qxe7 27. Rxe7 Rc8 28. c4 b6 29. d5 Ne8 30. Rxa7 Nd6 31. Rd7 Nxf5 32.
Kc3 h5 33. Kd3 Re8 34. Rb7 Re3+ 35. Kd2 Rxb3 36. c5 Rb5 37. cxb6 Rxd5+ 38. Kc3 Nd6 39. Rb8+ Kg7 40. Kb4 Rb5+ 41. Ka4 Rb2 42. Ka3 Rxh2 43. Rd8 Rd2 44. Rd7+ Kg6 45. Kb4 Rb2+ 46. Kc3 Rxb6 47.
Kd4 Nf5+ 48. Ke4 Rb4+ 49. Kf3 h4 50. Rd8 Rc4 51. Rg8+ Ng7 52. Ra8 f5 53. Kg2 Kg5 54. Kh2 Kf4 55. Rg8 Ne6 56. Rh8 Rc2+ 57. Kh3 Ng5+ 0-1